Map: Rovine di Seras

Players

FroliX - Winner!

  • Race: Terran Terran
  • League: Silver

Jhyrachy

  • Race: Zerg Zerg
  • League: Silver

VOD

Have the link to the VOD?

Description

Time

  • Played on: March 22, 2016, 2:06 p.m.
  • Length: 13:01
Show
View Real Time Build Order
Export as new Build Order

FroliX Terran - Winner!

Build Orders: MMM Bio 

Get SALT Encoding   

  12  0:01  SCV  
  13  0:13  SCV  
  14  0:21  Supply Depot  
  14  0:25  SCV  
  15  0:39  Refinery  
  15  0:43  SCV  
  16  0:50  Barracks  
  16  0:58  Supply Depot  
  16  1:01  SCV  
  17  1:13  SCV  
  18  1:25  SCV  
  19  1:26  Barracks  
  19  1:37  SCV  
  20  1:46  Marine  
  21  1:52  Barracks  
  21  1:59  SCV  
  22  2:11  Marine, Barracks  
  23  2:27  Barracks Tech Lab  
  23  2:28  Marine  
  24  2:39  Marine  
  24  2:41  SCV  
  26  2:50  Stimpack  
  26  2:52  Marauder  
  26  2:53  SCV  
  29  3:00  Barracks Tech Lab  
  29  3:02  Barracks Reactor  
  28  3:06  Barracks Reactor  
  28  3:23  Marauder  
  28  3:27  Command Center  
  30  3:38  Supply Depot  
  30  3:54  Supply Depot  
  30  4:00  Marauder  
  30  4:01  Supply Depot  
  30  4:02  Marine  
  35  4:03  Marauder  
  35  4:04  Marine  
  36  4:12  Marine x2  
  38  4:21  Marauder  
  42  4:24  Marauder  
  42  4:32  Marine x2  
  42  4:33  Marine  
  42  4:34  Marine  
  46  4:48  Orbital Command  
  46  4:58  Marine  
  46  4:59  Marauder, Marine  
  50  5:18  Combat Shields  
  50  5:19  Marine  
  50  5:20  Marauder, Marine x3  
  56  5:25  SCV  
  57  5:30  SCV  
  57  5:31  Marine  
  54  6:02  Marine x3  
  54  6:03  Marauder x2  
  44  6:08  Marine  
  44  6:10  SCV x2  
  44  6:20  Marine x2  
  44  6:23  Marine  
  44  6:24  Marauder x2  
  51  6:26  Marine  
  52  6:38  Marine x2  
  53  6:45  Marauder  
  46  6:49  SCV x2  
  48  6:55  Factory  
  48  7:00  Marine  
  48  7:01  Marauder, Marine, SCV x2, Barracks  
  53  7:07  Marauder  
  56  7:13  SCV x2  
  58  7:17  Refinery  
  58  7:20  Concussive Shells  
  58  7:21  Marine  
  61  7:23  Marauder  
  61  7:25  SCV  
  61  7:29  SCV  
  63  7:42  Starport  
  55  7:59  SCV x2  
  57  8:07  Marine  
  57  8:08  Marine x5  
  57  8:11  SCV  
  64  8:19  Marine  
  65  8:22  Starport Reactor  
  65  8:25  Marine x3  
  65  8:26  Marauder  
  70  8:37  Marine  
  70  8:38  Marauder  
  70  8:44  Marine  
  70  8:50  Marauder, Marine x2  
  60  9:04  SCV x2  
  60  9:05  Marauder, Marine x2  
  60  9:07  Marine x2, Medivac  
  70  9:14  Marauder  
  70  9:16  SCV x2  
  66  9:23  Barracks Reactor  
  65  9:27  Marauder  
  63  9:36  Marine x2  
  61  9:48  Marauder, Marine x2  
  61  9:51  SCV x2  
  67  10:00  Refinery  
  67  10:02  Refinery  
  67  10:03  SCV x2  
  67  10:04  Marine  
  70  10:15  Supply Depot  
  70  10:18  Supply Depot  
  70  10:26  Supply Depot  
  70  10:36  Marine x4  
  70  10:37  SCV x2, Medivac  
  70  10:39  Marine  
  70  10:40  Marauder x2  
  83  10:49  SCV  
  84  10:55  Marine x3  
  87  11:01  Marauder x2  
  91  11:14  Marine x3  
  94  11:21  Supply Depot  
  94  11:24  Supply Depot  
  94  11:43  Marauder x2, Marine  
  97  12:03  Marine x3  
  97  12:04  Marauder, Marine x2  
  97  12:05  Marauder, Marine  
  106  12:21  Marine  
  106  12:26  Marauder x2  
  90  12:32  Marine x2  
  90  12:33  Marine x2  
Show
View Real Time Build Order
Export as new Build Order

Jhyrachy Zerg 

Build Orders: Hatch First 

Get SALT Encoding   

  12  0:02  Drone  
  13  0:09  Drone  
  14  0:17  Overlord  
  14  0:36  Drone x3  
  17  0:55  Hatchery  
  16  0:59  Drone  
  16  1:01  Extractor  
  16  1:03  Drone  
  17  1:22  Spawning Pool  
  16  1:28  Drone x2  
  18  1:39  Drone  
  19  1:45  Overlord  
  19  2:09  Metabolic Boost  
  19  2:12  Zergling x4  
  19  2:14  Queen  
  19  2:15  Queen  
  23  2:17  Drone  
  26  2:36  Drone x5  
  31  3:01  Baneling Nest  
  30  3:06  Evolution Chamber  
  29  3:13  Drone x6  
  35  3:25  Overlord  
  35  3:43  Queen x2  
  39  3:49  Extractor  
  39  3:50  Drone  
  39  3:51  Drone x4  
  39  3:53  Drone  
  44  3:57  Overlord x2  
  44  3:58  Overlord  
  44  4:19  Pneumatized Carapace  
  44  4:23  Spore Crawler  
  43  4:35  Spore Crawler  
  42  5:11  Zergling x2  
  42  5:12  Zergling x26  
  55  5:21  Spine Crawler  
  55  5:26  Baneling  
  55  5:27  Baneling x2  
  54  5:32  Baneling  
  54  5:33  Baneling x15  
  54  5:36  Baneling x6  
  39  6:18  Zergling x20  
  43  6:19  Zergling x4  
  47  6:33  Queen  
  43  7:00  Baneling x6  
  43  7:01  Baneling x3  
  40  7:59  Zergling x2  
  40  8:00  Zergling x24  
  53  8:16  Baneling x4  
  53  8:17  Baneling x3  
  39  8:54  Zergling x18  
  39  8:55  Zergling x6  
  41  9:06  Spine Crawler  
  19  9:49  Zergling x2  
  19  9:50  Zergling x16  
  19  9:51  Queen  
  28  10:06  Spine Crawler  
  27  10:13  Spine Crawler  
  26  10:18  Burrow  
  26  10:27  Drone x6, Queen  
  34  10:45  Baneling  
  34  10:46  Baneling x15  
  34  10:47  Baneling x2  
  34  11:03  Queen  
  36  11:12  Zergling x8  
  36  11:13  Zergling x10  
  45  11:38  Queen  
  46  12:05  Drone  
  46  12:06  Zergling x12  
  34  12:37  Zergling x4  
  34  12:38  Zergling x6  
Tags
 
Add a new tag
Caveats
  • Supply blocks, unpowered buildings, or Contaminate may cause inaccurate times.
  • Supply counts are checked every 10 seconds.